Quebec Nordiques vs Chicago Black Hawks
Created - Thursday, February 27, 2025 at 07:57
Goals
|
| Quebec Nordiques |
1 |
0 |
1 |
2 |
| Chicago Black Hawks |
2 |
2 |
0 |
4 |
|
Shots
|
| Quebec Nordiques |
17 |
12 |
9 |
38 |
| Chicago Black Hawks |
17 |
13 |
14 |
44 |
|
1st period
1. Chicago Black Hawks , Josh Doan 5 (Dmitri Voronkov 4, Barrett Hayton 5) at 12:08
2. Quebec Nordiques , Marco Rossi 4 (Jonatan Berggren 3, Anthony Duclair 9) at 17:03 (PP)
3. Chicago Black Hawks , Sidney Crosby 12 (Claude Giroux 8) at 18:20
Penalties :
Zach Benson (QUE) for Interference (Minor) at 2:14, Claude Giroux (CHI) for Tripping (Minor) at 16:53, Robert Bortuzzo (CHI) for Holding (Minor) at 19:18
2nd period
4. Chicago Black Hawks , Tyson Foerster 7 (Cole Sillinger 8) at 4:25
5. Chicago Black Hawks , Sidney Crosby 13 (Cole Sillinger 9) at 18:17
Penalties :
Tyson Foerster (CHI) for Delaying the game (Minor) at 13:22, Cole Sillinger (CHI) for Tripping (Minor) at 16:00, Robert Bortuzzo (CHI) for High sticking (Minor) at 19:39
3rd period
6. Quebec Nordiques , Anthony Duclair 7 (J.J. Moser 4) at 16:35
Penalties :
Michael McCarron (QUE) for Delaying the game (Minor) at 6:28, Kirby Dach (QUE) for Delaying the game (Minor) at 12:47
Goalie Stats
Joseph Woll (QUE), 40 saves from 44 shots - (0.909), L, 5-6-1, 60:00 minutes
Alexandar Georgiev (CHI), 4 saves from 5 shots - (0.800), 4:46 minutes
Adin Hill (CHI), 32 saves from 33 shots - (0.970), W, 4-5-2, 55:14 minutes
Players Stats for Quebec Nordiques
Player Name G A P +/- PIM S H SB GA TA FO MP PP MP PK MP
------------------------------------------------------------------------------------
Alexandre Carrier 0 0 0 -3 0 1 1 2 0 1 0/0 22:20 4:37 2:55
Anthony Duclair 1 1 2 -1 0 3 2 0 0 0 0/0 16:33 3:54 0:00
Anthony Mantha 0 0 0 -1 0 2 0 0 1 0 1/1 9:16 0:00 0:00
Cole Perfetti 0 0 0 0 0 7 0 0 1 0 1/2 19:13 4:02 0:00
Connor Brown 0 0 0 -1 0 2 1 0 0 0 1/1 9:28 0:00 1:23
J.J. Moser 0 1 1 -1 0 3 2 3 0 1 0/0 27:40 4:37 3:02
Jonas Siegenthaler 0 0 0 -3 0 3 1 0 0 1 0/0 23:21 3:29 2:55
Jonatan Berggren 0 1 1 -1 0 1 0 1 0 2 0/0 16:33 3:54 0:00
Jordan Greenway 0 0 0 -1 0 0 0 0 1 0 0/0 12:28 0:00 3:37
Justin Holl 0 0 0 0 0 0 1 0 0 0 0/0 11:41 0:00 0:00
Kirby Dach 0 0 0 0 2 1 0 0 1 0 0/0 15:04 0:00 0:00
Luke Kunin 0 0 0 -1 0 2 0 0 0 0 3/5 10:14 0:10 1:59
Marc Staal 0 0 0 0 0 1 0 1 0 0 0/0 11:41 0:00 0:00
Marco Rossi 1 0 1 -1 0 3 3 0 1 0 7/18 16:33 3:54 0:00
Michael Anderson 0 0 0 1 0 1 1 0 0 2 0/0 23:17 3:29 3:02
Michael McCarron 0 0 0 -1 2 1 1 1 0 0 9/18 12:10 0:10 2:23
Shane Pinto 0 0 0 0 0 4 1 0 3 0 12/23 20:25 4:12 0:39
Zach Benson 0 0 0 -1 2 3 1 1 1 0 1/5 16:03 4:02 1:53
Players Stats for Chicago Black Hawks
Player Name G A P +/- PIM S H SB GA TA FO MP PP MP PK MP
------------------------------------------------------------------------------------
Barrett Hayton 0 1 1 1 0 4 0 1 1 0 8/15 16:11 0:00 3:50
Bobby Brink 0 0 0 -1 0 1 0 0 0 0 0/0 8:30 0:00 0:00
Caleb Jones 0 0 0 1 0 2 2 2 0 2 0/0 20:09 0:00 4:16
Carson Lambos 0 0 0 2 0 0 1 0 0 1 0/0 14:50 3:05 0:00
Claude Giroux 0 1 1 1 2 1 2 0 0 0 0/0 14:51 2:47 0:00
Cole Sillinger 0 2 2 2 2 3 3 0 1 0 5/19 16:04 3:10 0:00
Dante Fabbro 0 0 0 0 0 2 0 2 1 2 0/0 25:01 2:52 3:50
Dmitri Voronkov 0 1 1 1 0 3 2 0 1 0 0/0 12:20 0:00 0:00
Jack Drury 0 0 0 -1 0 1 1 0 0 0 5/5 8:30 0:00 0:00
Jon Merrill 0 0 0 2 0 1 0 0 0 0 0/0 12:18 0:00 0:56
Joseph Veleno 0 0 0 1 0 3 1 0 2 0 0/0 16:00 3:10 0:12
Josh Doan 1 0 1 1 0 5 2 0 0 1 0/1 16:11 0:00 3:50
Lucas Raymond 0 0 0 2 0 2 1 0 1 1 2/3 19:19 2:47 4:04
Noah Cates 0 0 0 -1 0 2 1 2 0 0 0/1 8:43 0:00 0:12
Robert Bortuzzo 0 0 0 1 4 1 0 2 0 1 0/0 21:38 3:05 2:08
Sidney Crosby 2 0 2 2 0 9 0 0 0 0 17/27 19:19 2:47 4:04
Tyson Foerster 1 0 1 1 2 3 1 1 0 0 1/2 15:47 3:10 0:00
Vincent Desharnais 0 0 0 0 0 1 2 1 0 1 0/0 26:08 2:52 5:02
3 Stars
1 - Sidney Crosby (CHI)
2 - Adin Hill (CHI)
3 - Josh Doan (CHI)
Power Play
Quebec Nordiques - 1 on 5 Attempt(s) - 20.00%
Chicago Black Hawks - 0 on 3 Attempt(s) - 0.00%
Penalty Kill
Quebec Nordiques - 3 on 3 Attempt(s) - 100.00%
- Score 0 goal in Penalty Kill
Chicago Black Hawks - 4 on 5 Attempt(s) - 80.00%
- Score 0 goal in Penalty Kill
Team Stat
Quebec Nordiques - Hits : 15 - Faceoff Wins : 35 - Blocked Shots : 9 - Penalty Minutes : 6
Chicago Black Hawks - Hits : 19 - Faceoff Wins : 38 - Blocked Shots : 11 - Penalty Minutes : 10
Official
Referees : Cody Beach and Trevor Hanson
Linesman : Kyle Flemington and Brandon Gawryletz
Game Notes
Adin Hill is injured at 15:14 of 3rd period (Bruised Left Leg)
Alexandar Georgiev enters game at 15:14 of 3rd period
Finance
Level 1 -- Attendance: 4394 (73.23%) -- Ticket Income $439,400
Level 2 -- Attendance: 4067 (81.34%) -- Ticket Income $244,020
Level 3 -- Attendance: 2207 (73.57%) -- Ticket Income $77,245
Level 4 -- Attendance: 3527 (70.54%) -- Ticket Income $88,175
Luxury Box -- Attendance: 812 (81.20%) -- Ticket Income $162,400
Game was played at the United Center.
Total Attendance: 15007 (75.04%)
Total Ticket Income: $1,011,240
Other Income: $353,934
Total Income: $1,365,174
Quebec Nordiques
5 vs 5 Forward
Center Left Wing Right Wing Time % Phy DF OF
1 Shane Pinto Cole Perfetti Kirby Dach 35 1 2 2
2 Marco Rossi Jonatan Berggren Anthony Duclair 30 1 2 2
3 Michael McCarron Anthony Mantha Zach Benson 20 1 2 2
4 Luke Kunin Connor Brown Jordan Greenway 15 1 2 2
5 vs 5 Defense
Defense Defense Time % Phy DF OF
1 J.J. Moser Michael Anderson 35 1 3 1
2 Alexandre Carrier Jonas Siegenthaler 30 1 3 1
3 Marc Staal Justin Holl 25 1 4 0
4 J.J. Moser Jonas Siegenthaler 10 1 3 1
PowerPlay Forward
Center Left Wing Right Wing Time % Phy DF OF
1 Shane Pinto Zach Benson Cole Perfetti 60 1 2 2
2 Marco Rossi Jonatan Berggren Anthony Duclair 40 1 2 2
PowerPlay Defense
Defense Defense Time % Phy DF OF
1 J.J. Moser Alexandre Carrier 60 1 2 2
2 Michael Anderson Jonas Siegenthaler 40 1 2 2
Penalty Kill 4 Players Forward
Center Wing Time % Phy DF OF
1 Michael McCarron Jordan Greenway 60 1 4 0
2 Luke Kunin Connor Brown 40 1 4 0
Penalty Kill 4 Players Defense
Defense Defense Time % Phy DF OF
1 J.J. Moser Michael Anderson 60 2 3 0
2 Jonas Siegenthaler Alexandre Carrier 40 2 3 0
Penalty Kill - 3 Players Forward
Forward Time % Phy DF OF
1 Michael McCarron 60 1 4 0
2 Luke Kunin 40 1 4 0
Penalty Kill - 3 Players Defense
Defense Defense Time % Phy DF OF
1 J.J. Moser Michael Anderson 60 1 4 0
2 Jonas Siegenthaler Alexandre Carrier 40 1 4 0
4 vs 4 Forward
Center Wing Time % Phy DF OF
1 Shane Pinto Anthony Duclair 60 1 2 2
2 Marco Rossi Cole Perfetti 40 1 2 2
4 vs 4 Defense
Defense Defense Time % Phy DF OF
1 J.J. Moser Michael Anderson 60 1 2 2
2 Alexandre Carrier Jonas Siegenthaler 40 1 2 2
Last Minutes Offensive
Center Left Wing Right Wing Defense Defense
Shane Pinto Cole Perfetti Kirby Dach J.J. Moser Michael Anderson
Last Minutes Defensive
Center Left Wing Right Wing Defense Defense
Michael McCarron Luke Kunin Connor Brown J.J. Moser Michael Anderson
Goaltenders
Starting : Joseph Woll
Backup : Lukas Dostal
Extra Forwards
Normal : Michael McCarron, Luke Kunin, Connor Brown - PP : Luke Kunin, Michael McCarron - PK : Zach Benson
Extra Defensemen
Normal : J.J. Moser, Michael Anderson, Alexandre Carrier - PP : Marc Staal - PK : Marc Staal, Justin Holl
Penalty Shots
Kirby Dach, Anthony Duclair, Shane Pinto, Cole Perfetti, Marco Rossi
Scratches
Jakub Voracek (Healthy), Alexander Alexeyev (Healthy), Rem Pitlick (Healthy), Dysin Mayo (Healthy)
Chicago Black Hawks
5 vs 5 Forward
Center Left Wing Right Wing Time % Phy DF OF
1 Sidney Crosby Claude Giroux Lucas Raymond 30 0 1 4
2 Cole Sillinger Tyson Foerster Joseph Veleno 30 0 2 3
3 Barrett Hayton Dmitri Voronkov Josh Doan 25 0 1 4
4 Jack Drury Noah Cates Bobby Brink 15 0 2 3
5 vs 5 Defense
Defense Defense Time % Phy DF OF
1 Dante Fabbro Vincent Desharnais 36 0 3 2
2 Caleb Jones Robert Bortuzzo 34 0 3 2
3 Jon Merrill Carson Lambos 20 0 4 1
4 Vincent Desharnais Dante Fabbro 10 0 4 1
PowerPlay Forward
Center Left Wing Right Wing Time % Phy DF OF
1 Sidney Crosby Claude Giroux Lucas Raymond 50 0 0 5
2 Cole Sillinger Tyson Foerster Joseph Veleno 50 0 0 5
PowerPlay Defense
Defense Defense Time % Phy DF OF
1 Vincent Desharnais Dante Fabbro 50 0 1 4
2 Robert Bortuzzo Carson Lambos 50 0 1 4
Penalty Kill 4 Players Forward
Center Wing Time % Phy DF OF
1 Sidney Crosby Lucas Raymond 50 0 5 0
2 Barrett Hayton Josh Doan 50 0 5 0
Penalty Kill 4 Players Defense
Defense Defense Time % Phy DF OF
1 Dante Fabbro Vincent Desharnais 50 0 5 0
2 Caleb Jones Robert Bortuzzo 50 0 5 0
Penalty Kill - 3 Players Forward
Forward Time % Phy DF OF
1 Claude Giroux 50 0 5 0
2 Jack Drury 50 0 5 0
Penalty Kill - 3 Players Defense
Defense Defense Time % Phy DF OF
1 Vincent Desharnais Dante Fabbro 50 0 5 0
2 Jon Merrill Carson Lambos 50 0 5 0
4 vs 4 Forward
Center Wing Time % Phy DF OF
1 Claude Giroux Sidney Crosby 50 0 2 3
2 Lucas Raymond Dmitri Voronkov 50 1 1 3
4 vs 4 Defense
Defense Defense Time % Phy DF OF
1 Dante Fabbro Robert Bortuzzo 50 0 3 2
2 Vincent Desharnais Caleb Jones 50 0 3 2
Last Minutes Offensive
Center Left Wing Right Wing Defense Defense
Sidney Crosby Claude Giroux Lucas Raymond Dante Fabbro Vincent Desharnais
Last Minutes Defensive
Center Left Wing Right Wing Defense Defense
Sidney Crosby Claude Giroux Lucas Raymond Dante Fabbro Vincent Desharnais
Goaltenders
Starting : Adin Hill
Backup : Alexandar Georgiev
Extra Forwards
Normal : Bobby Brink, Sidney Crosby, Claude Giroux - PP : Lucas Raymond, Cole Sillinger - PK : Noah Cates
Extra Defensemen
Normal : Dante Fabbro, Robert Bortuzzo, Jon Merrill - PP : Dante Fabbro - PK : Caleb Jones, Vincent Desharnais
Penalty Shots
Bobby Brink, Sidney Crosby, Claude Giroux, Lucas Raymond, Cole Sillinger
Scratches
Shane Wright (Healthy), Oliver Wahlstrom (Healthy), Urho Vaakanainen (Healthy), Graeme Clarke (Healthy), Jakob Pelletier (Healthy)
% Time on Ice - Quebec Nordiques
Lines # - Real PCT - Wanted PCT - Time Play
Normal Forward
1 - 35% - 35% - 15:57
2 - 28% - 30% - 12:39
3 - 20% - 20% - 9:16
4 - 18% - 15% - 8:05
Normal Defense
1 - 38% - 35% - 17:19
2 - 31% - 30% - 14:15
3 - 25% - 25% - 11:41
4 - 6% - 10% - 2:42
PP Forward
1 - 52% - 60% - 4:12
2 - 48% - 40% - 3:54
PP Defense
1 - 57% - 60% - 4:37
2 - 43% - 40% - 3:29
PK Forward
1 - 77% - 60% - 4:34
2 - 23% - 40% - 1:23
PK Defense
1 - 51% - 60% - 3:02
2 - 49% - 40% - 2:55
PK3 Forward
1 - 0% - 60%
2 - 0% - 40%
PK3 Defense
1 - 0% - 60%
2 - 0% - 40%
44 Forward
1 - 0% - 60%
2 - 0% - 40%
44 Defense
1 - 0% - 60%
2 - 0% - 40%
Last Minute Offensive - 0:00
Last Minute Defensive - 0:00
Total
Forward - 60:00
Defense - 60:00
|
% Time on Ice - Chicago Black Hawks
Lines # - Real PCT - Wanted PCT - Time Play
Normal Forward
1 - 27% - 30% - 12:29
2 - 27% - 30% - 12:38
3 - 27% - 25% - 12:20
4 - 18% - 15% - 8:30
Normal Defense
1 - 36% - 36% - 16:29
2 - 36% - 34% - 16:26
3 - 25% - 20% - 11:17
4 - 4% - 10% - 1:45
PP Forward
1 - 47% - 50% - 2:47
2 - 53% - 50% - 3:10
PP Defense
1 - 48% - 50% - 2:52
2 - 52% - 50% - 3:05
PK Forward
1 - 53% - 50% - 4:16
2 - 47% - 50% - 3:50
PK Defense
1 - 47% - 50% - 3:48
2 - 53% - 50% - 4:18
PK3 Forward
1 - 0% - 50%
2 - 0% - 50%
PK3 Defense
1 - 0% - 50%
2 - 0% - 50%
44 Forward
1 - 0% - 50%
2 - 0% - 50%
44 Defense
1 - 0% - 50%
2 - 0% - 50%
Last Minute Offensive - 0:00
Last Minute Defensive - 0:00
Total
Forward - 60:00
Defense - 60:00
|
Play-by-Play
1st period
0:01 of 1st period - Sidney Crosby wins face-off versus Shane Pinto in neutral zone.
0:08 of 1st period - Wrist shot by Sidney Crosby.
0:08 of 1st period - Stopped by Joseph Woll without a rebound.
0:09 of 1st period - Shane Pinto wins face-off versus Sidney Crosby in Quebec Nordiques zone.
1:15 of 1st period - Slapshot by Shane Pinto.
1:15 of 1st period - Deflect By Cole Perfetti.
1:15 of 1st period - Stopped by Adin Hill with a rebound.
1:19 of 1st period - Wrist shot by Shane Pinto.
1:19 of 1st period - Stopped by Adin Hill with a rebound.
1:21 of 1st period - Snap shot by J.J. Moser.
1:21 of 1st period - Shot Misses the Net.
1:23 of 1st period - Slapshot by J.J. Moser.
1:23 of 1st period - Stopped by Adin Hill with a rebound.
1:25 of 1st period - Snap shot by Michael Anderson.
1:25 of 1st period - Shot Misses the Net.
1:35 of 1st period - Snap shot by Shane Pinto.
1:35 of 1st period - Stopped by Adin Hill without a rebound.
1:36 of 1st period - Cole Sillinger wins face-off versus Marco Rossi in Chicago Black Hawks zone.
2:11 of 1st period - Wrist shot by Noah Cates.
2:11 of 1st period - Stopped by Joseph Woll without a rebound.
2:12 of 1st period - Zach Benson wins face-off versus Barrett Hayton in Quebec Nordiques zone.
2:14 of 1st period - Minor Penalty to Zach Benson for Interference.
2:15 of 1st period - Michael McCarron wins face-off versus Cole Sillinger in Quebec Nordiques zone.
3:13 of 1st period - Icing by Claude Giroux.
3:14 of 1st period - Sidney Crosby wins face-off versus Michael McCarron in Chicago Black Hawks zone.
3:43 of 1st period - Snap shot by Joseph Veleno.
3:43 of 1st period - Stopped by Joseph Woll with a rebound.
4:14 of 1st period - Penalty to Zach Benson is over, Zach Benson is back on ice.
4:21 of 1st period - Alexandre Carrier is hit by Dmitri Voronkov and loses puck.
4:46 of 1st period - Wrist shot by Anthony Duclair.
4:46 of 1st period - Stopped by Adin Hill without a rebound.
4:47 of 1st period - Jack Drury wins face-off versus Marco Rossi in Chicago Black Hawks zone.
4:49 of 1st period - Icing by Bobby Brink.
4:50 of 1st period - Jack Drury wins face-off versus Michael McCarron in Chicago Black Hawks zone.
4:50 of 1st period - Jack Drury is hit by Zach Benson.
5:02 of 1st period - Slapshot by Anthony Mantha.
5:02 of 1st period - Shot Misses the Net.
5:10 of 1st period - Robert Bortuzzo is hit by Michael McCarron.
5:30 of 1st period - Snap shot by Tyson Foerster.
5:30 of 1st period - Stopped by Joseph Woll with a rebound.
5:53 of 1st period - Wrist shot by Dmitri Voronkov.
5:53 of 1st period - Shot Blocked by Alexandre Carrier.
6:07 of 1st period - Icing by Sidney Crosby.
6:08 of 1st period - Michael McCarron wins face-off versus Sidney Crosby in Chicago Black Hawks zone.
6:09 of 1st period - Wrist shot by Anthony Mantha.
6:09 of 1st period - Deflect By Zach Benson.
6:09 of 1st period - Stopped by Adin Hill without a rebound.
6:10 of 1st period - Michael McCarron wins face-off versus Cole Sillinger in Chicago Black Hawks zone.
6:11 of 1st period - Snap shot by Anthony Mantha.
6:11 of 1st period - Stopped by Adin Hill with a rebound.
6:38 of 1st period - Wrist shot by Tyson Foerster.
6:38 of 1st period - Shot Misses the Net.
6:40 of 1st period - Wrist shot by Cole Sillinger.
6:40 of 1st period - Stopped by Joseph Woll without a rebound.
6:41 of 1st period - Barrett Hayton wins face-off versus Marco Rossi in Quebec Nordiques zone.
8:09 of 1st period - Slapshot by Josh Doan.
8:09 of 1st period - Shot Blocked by Marc Staal.
8:15 of 1st period - Slapshot by Dmitri Voronkov.
8:15 of 1st period - Stopped by Joseph Woll without a rebound.
8:16 of 1st period - Marco Rossi wins face-off versus Cole Sillinger in Quebec Nordiques zone.
8:41 of 1st period - Claude Giroux is hit by Jonas Siegenthaler and loses puck.
9:04 of 1st period - Snap shot by Jordan Greenway.
9:04 of 1st period - Shot Blocked by Noah Cates.
9:15 of 1st period - Wrist shot by Anthony Mantha.
9:15 of 1st period - Deflect By Cole Sillinger.
9:15 of 1st period - Stopped by Adin Hill without a rebound.
9:16 of 1st period - Tyson Foerster wins face-off versus Marco Rossi in Chicago Black Hawks zone.
9:22 of 1st period - Off-side.
9:23 of 1st period - Marco Rossi wins face-off versus Cole Sillinger in neutral zone.
9:26 of 1st period - Dante Fabbro is hit by Anthony Duclair and loses puck.
9:35 of 1st period - Wrist shot by Marco Rossi.
9:35 of 1st period - Stopped by Adin Hill without a rebound.
9:36 of 1st period - Connor Brown wins face-off versus Cole Sillinger in Chicago Black Hawks zone.
10:06 of 1st period - Backhand shot by Anthony Duclair.
10:06 of 1st period - Shot Misses the Net.
10:08 of 1st period - Wrist shot by Michael Anderson.
10:08 of 1st period - Stopped by Adin Hill with a rebound.
10:10 of 1st period - Wrist shot by Jonatan Berggren.
10:10 of 1st period - Stopped by Adin Hill without a rebound.
10:11 of 1st period - Michael McCarron wins face-off versus Cole Sillinger in Chicago Black Hawks zone.
10:18 of 1st period - Snap shot by Michael McCarron.
10:18 of 1st period - Stopped by Adin Hill with a rebound.
10:47 of 1st period - Backhand shot by Jonatan Berggren.
10:47 of 1st period - Shot Misses the Net.
10:49 of 1st period - Wrist shot by Jonatan Berggren.
10:49 of 1st period - Shot Blocked by Caleb Jones.
11:26 of 1st period - Slapshot by Barrett Hayton.
11:26 of 1st period - Stopped by Joseph Woll without a rebound.
11:27 of 1st period - Cole Sillinger wins face-off versus Marco Rossi in Quebec Nordiques zone.
11:30 of 1st period - Wrist shot by Tyson Foerster.
11:30 of 1st period - Stopped by Joseph Woll with a rebound.
11:32 of 1st period - Slapshot by Jon Merrill.
11:32 of 1st period - Deflect By Anthony Duclair.
11:32 of 1st period - Stopped by Joseph Woll with a rebound.
11:34 of 1st period - Slapshot by Joseph Veleno.
11:34 of 1st period - Stopped by Joseph Woll without a rebound.
11:35 of 1st period - Cole Sillinger wins face-off versus Marco Rossi in Quebec Nordiques zone.
11:36 of 1st period - Wrist shot by Tyson Foerster.
11:36 of 1st period - Shot Misses the Net.
11:38 of 1st period - Snap shot by Cole Sillinger.
11:38 of 1st period - Stopped by Joseph Woll with a rebound.
11:40 of 1st period - Slapshot by Jon Merrill.
11:40 of 1st period - Shot Misses the Net.
12:08 of 1st period - Wrist shot by Dmitri Voronkov.
12:08 of 1st period - Deflect By Josh Doan.
12:08 of 1st period - Goal by Josh Doan - Quebec Nordiques : 0 - Chicago Black Hawks : 1.
12:09 of 1st period - Lucas Raymond wins face-off versus Michael McCarron in neutral zone.
12:22 of 1st period - Snap shot by Sidney Crosby.
12:22 of 1st period - Shot Blocked by Zach Benson.
12:24 of 1st period - Slapshot by Dante Fabbro.
12:24 of 1st period - Stopped by Joseph Woll without a rebound.
12:25 of 1st period - Shane Pinto wins face-off versus Cole Sillinger in Quebec Nordiques zone.
13:11 of 1st period - J.J. Moser is hit by Dmitri Voronkov and loses puck.
14:35 of 1st period - Slapshot by Barrett Hayton.
14:35 of 1st period - Shot Misses the Net.
14:37 of 1st period - Snap shot by Josh Doan.
14:37 of 1st period - Shot Misses the Net.
14:41 of 1st period - Wrist shot by Josh Doan.
14:41 of 1st period - Stopped by Joseph Woll without a rebound.
14:42 of 1st period - Michael McCarron wins face-off versus Sidney Crosby in Quebec Nordiques zone.
14:57 of 1st period - Wrist shot by Sidney Crosby.
14:57 of 1st period - Stopped by Joseph Woll without a rebound.
14:58 of 1st period - Marco Rossi wins face-off versus Cole Sillinger in Quebec Nordiques zone.
15:23 of 1st period - Sidney Crosby is hit by Connor Brown and loses puck.
15:30 of 1st period - Snap shot by Luke Kunin.
15:30 of 1st period - Stopped by Adin Hill without a rebound.
15:31 of 1st period - Michael McCarron wins face-off versus Sidney Crosby in Chicago Black Hawks zone.
16:04 of 1st period - Snap shot by Anthony Duclair.
16:04 of 1st period - Shot Hit the Post.
16:06 of 1st period - Wrist shot by Justin Holl.
16:06 of 1st period - Shot Misses the Net.
16:23 of 1st period - Wrist shot by Bobby Brink.
16:23 of 1st period - Shot Misses the Net.
16:53 of 1st period - Minor Penalty to Claude Giroux for Tripping.
16:54 of 1st period - Marco Rossi wins face-off versus Barrett Hayton in Chicago Black Hawks zone.
17:03 of 1st period - Snap shot by Marco Rossi.
17:03 of 1st period - Goal by Marco Rossi - Quebec Nordiques : 1 - Chicago Black Hawks : 1.
17:04 of 1st period - Marco Rossi wins face-off versus Cole Sillinger in neutral zone.
17:50 of 1st period - Off-side.
17:51 of 1st period - Jack Drury wins face-off versus Michael McCarron in neutral zone.
17:58 of 1st period - Wrist shot by Jack Drury.
17:58 of 1st period - Stopped by Joseph Woll without a rebound.
17:59 of 1st period - Marco Rossi wins face-off versus Cole Sillinger in Quebec Nordiques zone.
18:04 of 1st period - Vincent Desharnais is hit by Marco Rossi.
18:12 of 1st period - Snap shot by Jonatan Berggren.
18:12 of 1st period - Shot Blocked by Vincent Desharnais.
18:14 of 1st period - Snap shot by Marco Rossi.
18:14 of 1st period - Stopped by Adin Hill without a rebound.
18:15 of 1st period - Sidney Crosby wins face-off versus Michael McCarron in Chicago Black Hawks zone.
18:20 of 1st period - Slapshot by Sidney Crosby.
18:20 of 1st period - Goal by Sidney Crosby - Quebec Nordiques : 1 - Chicago Black Hawks : 2.
18:21 of 1st period - Cole Sillinger wins face-off versus Marco Rossi in neutral zone.
18:55 of 1st period - Snap shot by Shane Pinto.
18:55 of 1st period - Deflect By Cole Perfetti.
18:55 of 1st period - Stopped by Adin Hill without a rebound.
18:56 of 1st period - Jack Drury wins face-off versus Michael McCarron in Chicago Black Hawks zone.
18:56 of 1st period - Jack Drury is hit by Michael Anderson.
19:08 of 1st period - Wrist shot by Zach Benson.
19:08 of 1st period - Stopped by Adin Hill with a rebound.
19:18 of 1st period - Minor Penalty to Robert Bortuzzo for Holding.
19:19 of 1st period - Sidney Crosby wins face-off versus Zach Benson in Chicago Black Hawks zone.
Goals for this period are 1 for Quebec Nordiques vs 2 for Chicago Black Hawks.
Shots for this period are 17 for Quebec Nordiques vs 17 for Chicago Black Hawks.
2nd period
0:01 of 2nd period - Shane Pinto wins face-off versus Sidney Crosby in neutral zone.
0:44 of 2nd period - Snap shot by Sidney Crosby.
0:44 of 2nd period - Shot Blocked by J.J. Moser.
1:00 of 2nd period - Dante Fabbro is hit by Anthony Duclair and loses puck.
1:18 of 2nd period - Penalty to Robert Bortuzzo is over, Robert Bortuzzo is back on ice.
1:33 of 2nd period - Luke Kunin is hit by Carson Lambos and loses puck.
2:47 of 2nd period - Robert Bortuzzo is hit by Marco Rossi and loses puck.
2:54 of 2nd period - Tyson Foerster is hit by Marco Rossi and loses puck.
3:15 of 2nd period - Snap shot by Cole Sillinger.
3:15 of 2nd period - Shot Blocked by Jonatan Berggren.
3:17 of 2nd period - Snap shot by Tyson Foerster.
3:17 of 2nd period - Shot Misses the Net.
3:36 of 2nd period - Marco Rossi is hit by Caleb Jones and loses puck.
3:54 of 2nd period - Snap shot by Anthony Duclair.
3:54 of 2nd period - Shot Blocked by Dante Fabbro.
3:56 of 2nd period - Slapshot by Marc Staal.
3:56 of 2nd period - Stopped by Adin Hill with a rebound.
4:25 of 2nd period - Snap shot by Tyson Foerster.
4:25 of 2nd period - Goal by Tyson Foerster - Quebec Nordiques : 1 - Chicago Black Hawks : 3.
4:26 of 2nd period - Sidney Crosby wins face-off versus Shane Pinto in neutral zone.
4:39 of 2nd period - Snap shot by Sidney Crosby.
4:39 of 2nd period - Stopped by Joseph Woll without a rebound.
4:40 of 2nd period - Sidney Crosby wins face-off versus Shane Pinto in Quebec Nordiques zone.
4:49 of 2nd period - Wrist shot by Lucas Raymond.
4:49 of 2nd period - Stopped by Joseph Woll without a rebound.
4:50 of 2nd period - Shane Pinto wins face-off versus Sidney Crosby in Quebec Nordiques zone.
4:55 of 2nd period - Wrist shot by Sidney Crosby.
4:55 of 2nd period - Stopped by Joseph Woll with a rebound.
4:57 of 2nd period - Wrist shot by Claude Giroux.
4:57 of 2nd period - Stopped by Joseph Woll with a rebound.
4:59 of 2nd period - Backhand shot by Vincent Desharnais.
4:59 of 2nd period - Deflect By J.J. Moser.
4:59 of 2nd period - Stopped by Joseph Woll with a rebound.
5:01 of 2nd period - Slapshot by Vincent Desharnais.
5:01 of 2nd period - Deflect By Sidney Crosby.
5:01 of 2nd period - Shot Misses the Net.
5:01 of 2nd period - Puck is out of play.
5:02 of 2nd period - Sidney Crosby wins face-off versus Cole Perfetti in Quebec Nordiques zone.
5:15 of 2nd period - Slapshot by Lucas Raymond.
5:15 of 2nd period - Stopped by Joseph Woll without a rebound.
5:16 of 2nd period - Anthony Mantha wins face-off versus Barrett Hayton in Quebec Nordiques zone.
5:41 of 2nd period - Cole Perfetti is hit by Claude Giroux.
6:08 of 2nd period - Snap shot by Luke Kunin.
6:08 of 2nd period - Stopped by Adin Hill with a rebound.
6:10 of 2nd period - Slapshot by Alexandre Carrier.
6:10 of 2nd period - Stopped by Adin Hill without a rebound.
6:11 of 2nd period - Barrett Hayton wins face-off versus Michael McCarron in Chicago Black Hawks zone.
6:26 of 2nd period - Slapshot by Zach Benson.
6:26 of 2nd period - Deflect By Anthony Mantha.
6:26 of 2nd period - Shot Blocked by Robert Bortuzzo.
6:26 of 2nd period - Puck is out of play.
6:27 of 2nd period - Shane Pinto wins face-off versus Sidney Crosby in Chicago Black Hawks zone.
6:44 of 2nd period - Snap shot by Sidney Crosby.
6:44 of 2nd period - Stopped by Joseph Woll without a rebound.
6:45 of 2nd period - Luke Kunin wins face-off versus Barrett Hayton in Quebec Nordiques zone.
6:45 of 2nd period - Luke Kunin is hit by Josh Doan.
7:11 of 2nd period - Michael Anderson is hit by Claude Giroux and loses puck.
7:54 of 2nd period - Carson Lambos is hit by Alexandre Carrier and loses puck.
8:01 of 2nd period - Slapshot by Anthony Duclair.
8:01 of 2nd period - Stopped by Adin Hill with a rebound.
8:03 of 2nd period - Slapshot by Jonas Siegenthaler.
8:03 of 2nd period - Shot Misses the Net.
8:19 of 2nd period - Slapshot by Jordan Greenway.
8:19 of 2nd period - Shot Blocked by Barrett Hayton.
8:21 of 2nd period - Backhand shot by Connor Brown.
8:21 of 2nd period - Stopped by Adin Hill with a rebound.
8:23 of 2nd period - Wrist shot by Connor Brown.
8:23 of 2nd period - Shot Misses the Net.
8:57 of 2nd period - Snap shot by Zach Benson.
8:57 of 2nd period - Stopped by Adin Hill with a rebound.
9:03 of 2nd period - Slapshot by Joseph Veleno.
9:03 of 2nd period - Shot Misses the Net.
9:05 of 2nd period - Slapshot by Vincent Desharnais.
9:05 of 2nd period - Deflect By Joseph Veleno.
9:05 of 2nd period - Stopped by Joseph Woll without a rebound.
9:06 of 2nd period - Barrett Hayton wins face-off versus Luke Kunin in Quebec Nordiques zone.
9:11 of 2nd period - Snap shot by Dmitri Voronkov.
9:11 of 2nd period - Stopped by Joseph Woll with a rebound.
9:40 of 2nd period - Wrist shot by Lucas Raymond.
9:40 of 2nd period - Shot Misses the Net.
10:21 of 2nd period - Slapshot by J.J. Moser.
10:21 of 2nd period - Stopped by Adin Hill without a rebound.
10:22 of 2nd period - Shane Pinto wins face-off versus Lucas Raymond in Chicago Black Hawks zone.
10:23 of 2nd period - Snap shot by Cole Perfetti.
10:23 of 2nd period - Stopped by Adin Hill with a rebound.
10:25 of 2nd period - Wrist shot by Cole Perfetti.
10:25 of 2nd period - Stopped by Adin Hill without a rebound.
10:26 of 2nd period - Lucas Raymond wins face-off versus Shane Pinto in Chicago Black Hawks zone.
11:19 of 2nd period - Wrist shot by Dmitri Voronkov.
11:19 of 2nd period - Shot Misses the Net.
11:58 of 2nd period - J.J. Moser is hit by Noah Cates and loses puck.
12:29 of 2nd period - Michael Anderson is hit by Tyson Foerster.
13:22 of 2nd period - Minor Penalty to Tyson Foerster for Delaying the game.
13:23 of 2nd period - Sidney Crosby wins face-off versus Shane Pinto in Chicago Black Hawks zone.
13:27 of 2nd period - Slapshot by Lucas Raymond.
13:27 of 2nd period - Shot Misses the Net.
13:39 of 2nd period - Snap shot by Sidney Crosby.
13:39 of 2nd period - Shot Misses the Net.
14:11 of 2nd period - Michael Anderson is hit by Caleb Jones and loses puck.
14:55 of 2nd period - Dante Fabbro is hit by Shane Pinto and loses puck.
15:22 of 2nd period - Penalty to Tyson Foerster is over, Tyson Foerster is back on ice.
15:28 of 2nd period - Connor Brown is hit by Jack Drury and loses puck.
16:00 of 2nd period - Minor Penalty to Cole Sillinger for Tripping.
16:01 of 2nd period - Barrett Hayton wins face-off versus Marco Rossi in Chicago Black Hawks zone.
16:14 of 2nd period - Snap shot by Jonas Siegenthaler.
16:14 of 2nd period - Stopped by Adin Hill without a rebound.
16:15 of 2nd period - Shane Pinto wins face-off versus Sidney Crosby in Chicago Black Hawks zone.
16:16 of 2nd period - Wrist shot by Cole Perfetti.
16:16 of 2nd period - Shot Blocked by Robert Bortuzzo.
16:18 of 2nd period - Snap shot by Michael Anderson.
16:18 of 2nd period - Shot Blocked by Caleb Jones.
16:28 of 2nd period - Wrist shot by Shane Pinto.
16:28 of 2nd period - Stopped by Adin Hill without a rebound.
16:29 of 2nd period - Shane Pinto wins face-off versus Barrett Hayton in Chicago Black Hawks zone.
16:37 of 2nd period - Icing by Cole Perfetti.
16:38 of 2nd period - Sidney Crosby wins face-off versus Shane Pinto in Quebec Nordiques zone.
16:39 of 2nd period - Wrist shot by Lucas Raymond.
16:39 of 2nd period - Shot Hit the Post.
16:41 of 2nd period - Slapshot by Caleb Jones.
16:41 of 2nd period - Stopped by Joseph Woll with a rebound.
16:43 of 2nd period - Snap shot by Caleb Jones.
16:43 of 2nd period - Stopped by Joseph Woll without a rebound.
16:44 of 2nd period - Sidney Crosby wins face-off versus Shane Pinto in Quebec Nordiques zone.
18:00 of 2nd period - Penalty to Cole Sillinger is over, Cole Sillinger is back on ice.
18:17 of 2nd period - Snap shot by Cole Sillinger.
18:17 of 2nd period - Deflect By Sidney Crosby.
18:17 of 2nd period - Goal by Sidney Crosby - Quebec Nordiques : 1 - Chicago Black Hawks : 4.
18:18 of 2nd period - Cole Perfetti wins face-off versus Barrett Hayton in neutral zone.
18:21 of 2nd period - Slapshot by J.J. Moser.
18:21 of 2nd period - Stopped by Adin Hill without a rebound.
18:22 of 2nd period - Shane Pinto wins face-off versus Josh Doan in Chicago Black Hawks zone.
18:31 of 2nd period - Wrist shot by Cole Perfetti.
18:31 of 2nd period - Shot Misses the Net.
18:58 of 2nd period - Icing by Michael Anderson.
18:59 of 2nd period - Sidney Crosby wins face-off versus Shane Pinto in Quebec Nordiques zone.
19:34 of 2nd period - Snap shot by Cole Perfetti.
19:34 of 2nd period - Shot Blocked by Tyson Foerster.
19:39 of 2nd period - Minor Penalty to Robert Bortuzzo for High sticking.
19:40 of 2nd period - Barrett Hayton wins face-off versus Marco Rossi in Chicago Black Hawks zone.
Goals for this period are 0 for Quebec Nordiques vs 2 for Chicago Black Hawks.
Shots for this period are 12 for Quebec Nordiques vs 13 for Chicago Black Hawks.
3rd period
0:01 of 3rd period - Barrett Hayton wins face-off versus Shane Pinto in neutral zone.
0:06 of 3rd period - Barrett Hayton is hit by J.J. Moser and loses puck.
0:25 of 3rd period - Anthony Duclair is hit by Lucas Raymond.
0:45 of 3rd period - Cole Perfetti is hit by Vincent Desharnais.
1:39 of 3rd period - Penalty to Robert Bortuzzo is over, Robert Bortuzzo is back on ice.
1:43 of 3rd period - Snap shot by Connor Brown.
1:43 of 3rd period - Stopped by Adin Hill without a rebound.
1:44 of 3rd period - Luke Kunin wins face-off versus Cole Sillinger in Chicago Black Hawks zone.
2:33 of 3rd period - J.J. Moser is hit by Josh Doan and loses puck.
2:52 of 3rd period - Backhand shot by Claude Giroux.
2:52 of 3rd period - Shot Misses the Net.
2:54 of 3rd period - Snap shot by Sidney Crosby.
2:54 of 3rd period - Shot Misses the Net.
3:16 of 3rd period - Jonatan Berggren is hit by Vincent Desharnais and loses puck.
3:24 of 3rd period - Icing by Anthony Duclair.
3:25 of 3rd period - Marco Rossi wins face-off versus Cole Sillinger in Quebec Nordiques zone.
3:56 of 3rd period - Wrist shot by Barrett Hayton.
3:56 of 3rd period - Stopped by Joseph Woll with a rebound.
3:58 of 3rd period - Snap shot by Dmitri Voronkov.
3:58 of 3rd period - Stopped by Joseph Woll without a rebound.
3:59 of 3rd period - Barrett Hayton wins face-off versus Shane Pinto in Quebec Nordiques zone.
4:04 of 3rd period - Wrist shot by Josh Doan.
4:04 of 3rd period - Stopped by Joseph Woll with a rebound.
4:10 of 3rd period - Snap shot by Cole Perfetti.
4:10 of 3rd period - Stopped by Adin Hill with a rebound.
4:29 of 3rd period - Slapshot by Zach Benson.
4:29 of 3rd period - Shot Misses the Net.
5:05 of 3rd period - Cole Perfetti is hit by Cole Sillinger.
5:19 of 3rd period - Snap shot by Joseph Veleno.
5:19 of 3rd period - Shot Misses the Net.
6:28 of 3rd period - Minor Penalty to Michael McCarron for Delaying the game.
6:29 of 3rd period - Sidney Crosby wins face-off versus Zach Benson in Quebec Nordiques zone.
7:51 of 3rd period - Icing by Robert Bortuzzo.
7:52 of 3rd period - Shane Pinto wins face-off versus Cole Sillinger in Chicago Black Hawks zone.
8:09 of 3rd period - Wrist shot by Sidney Crosby.
8:09 of 3rd period - Stopped by Joseph Woll without a rebound.
8:10 of 3rd period - Sidney Crosby wins face-off versus Zach Benson in Quebec Nordiques zone.
8:11 of 3rd period - Snap shot by Claude Giroux.
8:11 of 3rd period - Deflect By Sidney Crosby.
8:11 of 3rd period - Shot Misses the Net.
8:11 of 3rd period - Puck is out of play.
8:12 of 3rd period - Sidney Crosby wins face-off versus Zach Benson in Quebec Nordiques zone.
8:28 of 3rd period - Penalty to Michael McCarron is over, Michael McCarron is back on ice.
8:49 of 3rd period - Backhand shot by Josh Doan.
8:49 of 3rd period - Stopped by Joseph Woll without a rebound.
8:50 of 3rd period - Cole Sillinger wins face-off versus Shane Pinto in Quebec Nordiques zone.
8:57 of 3rd period - Wrist shot by Cole Sillinger.
8:57 of 3rd period - Shot Misses the Net.
8:59 of 3rd period - Snap shot by Tyson Foerster.
8:59 of 3rd period - Shot Misses the Net.
9:40 of 3rd period - Wrist shot by Shane Pinto.
9:40 of 3rd period - Shot Misses the Net.
9:42 of 3rd period - Snap shot by Cole Perfetti.
9:42 of 3rd period - Stopped by Adin Hill with a rebound.
9:44 of 3rd period - Wrist shot by Cole Perfetti.
9:44 of 3rd period - Shot Misses the Net.
9:46 of 3rd period - Snap shot by Kirby Dach.
9:46 of 3rd period - Shot Misses the Net.
10:09 of 3rd period - Off-side.
10:10 of 3rd period - Sidney Crosby wins face-off versus Marco Rossi in neutral zone.
10:21 of 3rd period - Wrist shot by Sidney Crosby.
10:21 of 3rd period - Stopped by Joseph Woll with a rebound.
10:23 of 3rd period - Slapshot by Dante Fabbro.
10:23 of 3rd period - Stopped by Joseph Woll with a rebound.
10:44 of 3rd period - Wrist shot by Tyson Foerster.
10:44 of 3rd period - Shot Blocked by Alexandre Carrier.
10:59 of 3rd period - Icing by Jack Drury.
11:00 of 3rd period - Luke Kunin wins face-off versus Noah Cates in Chicago Black Hawks zone.
11:03 of 3rd period - Wrist shot by Jordan Greenway.
11:03 of 3rd period - Shot Blocked by Noah Cates.
11:54 of 3rd period - Wrist shot by Bobby Brink.
11:54 of 3rd period - Shot Misses the Net.
11:56 of 3rd period - Backhand shot by Jack Drury.
11:56 of 3rd period - Shot Misses the Net.
12:22 of 3rd period - Wrist shot by Bobby Brink.
12:22 of 3rd period - Shot Blocked by J.J. Moser.
12:24 of 3rd period - Snap shot by Jack Drury.
12:24 of 3rd period - Shot Blocked by J.J. Moser.
12:26 of 3rd period - Backhand shot by Noah Cates.
12:26 of 3rd period - Stopped by Joseph Woll without a rebound.
12:27 of 3rd period - Shane Pinto wins face-off versus Sidney Crosby in Quebec Nordiques zone.
12:47 of 3rd period - Minor Penalty to Kirby Dach for Delaying the game.
12:48 of 3rd period - Michael McCarron wins face-off versus Cole Sillinger in Quebec Nordiques zone.
13:01 of 3rd period - Alexandre Carrier is hit by Joseph Veleno and loses puck.
13:12 of 3rd period - Alexandre Carrier is hit by Cole Sillinger and loses puck.
13:21 of 3rd period - Wrist shot by Cole Sillinger.
13:21 of 3rd period - Stopped by Joseph Woll with a rebound.
13:23 of 3rd period - Slapshot by Dante Fabbro.
13:23 of 3rd period - Deflect By Tyson Foerster.
13:23 of 3rd period - Shot Blocked by Michael McCarron.
13:23 of 3rd period - Puck is out of play.
13:24 of 3rd period - Michael McCarron wins face-off versus Sidney Crosby in Quebec Nordiques zone.
14:47 of 3rd period - Penalty to Kirby Dach is over, Kirby Dach is back on ice.
15:14 of 3rd period - Slapshot by Shane Pinto.
15:14 of 3rd period - Stopped by Adin Hill without a rebound.
15:14 of 3rd period - Adin Hill from Chicago Black Hawks is injured at 15:14 of 3rd period (Bruised Left Leg).
15:14 of 3rd period - Alexandar Georgiev enters game.
15:15 of 3rd period - Shane Pinto wins face-off versus Tyson Foerster in Chicago Black Hawks zone.
15:24 of 3rd period - Slapshot by Shane Pinto.
15:24 of 3rd period - Shot Misses the Net.
15:26 of 3rd period - Snap shot by Cole Perfetti.
15:26 of 3rd period - Stopped by Alexandar Georgiev with a rebound.
15:28 of 3rd period - Wrist shot by Kirby Dach.
15:28 of 3rd period - Stopped by Alexandar Georgiev with a rebound.
15:30 of 3rd period - Slapshot by Jonas Siegenthaler.
15:30 of 3rd period - Stopped by Alexandar Georgiev without a rebound.
15:31 of 3rd period - Sidney Crosby wins face-off versus Marco Rossi in Chicago Black Hawks zone.
16:35 of 3rd period - Snap shot by Anthony Duclair.
16:35 of 3rd period - Goal by Anthony Duclair - Quebec Nordiques : 2 - Chicago Black Hawks : 4.
16:36 of 3rd period - Barrett Hayton wins face-off versus Michael McCarron in neutral zone.
16:45 of 3rd period - Slapshot by Barrett Hayton.
16:45 of 3rd period - Stopped by Joseph Woll with a rebound.
16:47 of 3rd period - Slapshot by Robert Bortuzzo.
16:47 of 3rd period - Shot Misses the Net.
16:49 of 3rd period - Wrist shot by Josh Doan.
16:49 of 3rd period - Stopped by Joseph Woll without a rebound.
16:50 of 3rd period - Jack Drury wins face-off versus Luke Kunin in Quebec Nordiques zone.
17:31 of 3rd period - Snap shot by Josh Doan.
17:31 of 3rd period - Deflect By Barrett Hayton.
17:31 of 3rd period - Stopped by Joseph Woll without a rebound.
17:32 of 3rd period - Sidney Crosby wins face-off versus Michael McCarron in Quebec Nordiques zone.
17:45 of 3rd period - Claude Giroux is hit by Justin Holl and loses puck.
19:00 of 3rd period - Jack Drury is hit by J.J. Moser and loses puck.
19:11 of 3rd period - Slapshot by Caleb Jones.
19:11 of 3rd period - Deflect By Bobby Brink.
19:11 of 3rd period - Stopped by Joseph Woll with a rebound.
19:33 of 3rd period - Slapshot by Robert Bortuzzo.
19:33 of 3rd period - Stopped by Joseph Woll without a rebound.
19:34 of 3rd period - Michael McCarron wins face-off versus Barrett Hayton in Quebec Nordiques zone.
19:45 of 3rd period - Slapshot by Anthony Mantha.
19:45 of 3rd period - Shot Misses the Net.
19:47 of 3rd period - Backhand shot by Jonas Siegenthaler.
19:47 of 3rd period - Stopped by Alexandar Georgiev with a rebound.
19:49 of 3rd period - Backhand shot by Michael McCarron.
19:49 of 3rd period - Shot Blocked by Dante Fabbro.
19:59 of 3rd period - Jordan Greenway is hit by Cole Sillinger and loses puck.
Goals for this period are 1 for Quebec Nordiques vs 0 for Chicago Black Hawks.
Shots for this period are 9 for Quebec Nordiques vs 14 for Chicago Black Hawks.
Back to the Top